 Dungeon Crawl Stone Soup version 0.30-a0-743-gbfdf073431 (webtiles) character file.

Game seed: 8641126186010673960

806 Conn the Firebug (level 7, -4/41 HPs)
             Began as an Octopode Fire Elementalist on Feb 8, 2023.
             Slain by an ogre
             ... wielding a +0 giant spiked club
              (20 damage)
             ... on level 5 of the Dungeon.
             The game lasted 00:13:58 (4270 turns).

Conn the Firebug (Octopode Fire Elementalist)       Turns: 4270, Time: 00:13:59

Health: -4/41      AC:  8    Str:  7    XL:     7   Next: 91%
Magic:  0/13       EV: 13    Int: 22    God:
Gold:   213        SH:  5    Dex: 12    Spells: 5/15 levels left

rFire   . . .      SeeInvis .    y - +3 short sword (protect)
rCold   . . .      Faith    .    (no shield)
rNeg    + . .      Spirit   .    (helmet restricted)
rPois   .          Reflect  +    i - amulet of reflection
rElec   .          Harm     .    j - ring of positive energy
rCorr   .          Rampage  .    m - +2 ring of intelligence
Will    .....                    (no ring)
Stlth   ++++                     (no ring)
HPRegen 0.26/turn                (no ring)
MPRegen 0.13/turn                (no ring)
                                 (no ring)
                                 (no ring)

@: mighty, brilliant, under a protective aura, hasted, very quick
A: almost no armour, amphibious, 8 rings, camouflage 1, gelatinous body 1,
(nimble swimmer 1), tentacles
a: no special abilities


You were on level 5 of the Dungeon.
You visited 1 branch of the dungeon, and saw 5 of its levels.
You also visited: Sewer.

You collected 252 gold pieces.
You spent 39 gold pieces at shops.

Inventory:

Hand Weapons
 e - a +0 dagger
 v - a +2 dagger of freezing
 y - a +3 short sword of protection (weapon)
Missiles
 r - a throwing net (quivered)
Jewellery
 i - an amulet of reflection (around mantle)
 j - a ring of positive energy (left tentacle)
 m - a +2 ring of intelligence (right tentacle)
 z - an amulet of faith
Scrolls
 c - a scroll of fog
 h - 2 scrolls of poison {unknown}
 t - a scroll of enchant armour
 u - a scroll of teleportation
 w - a scroll of immolation {unknown}
Potions
 a - a potion of ambrosia {unknown}
 d - a potion of might
 g - a potion of brilliance
 k - 2 potions of mutation {unknown}
 l - 2 potions of flight {unknown}
 n - a potion of resistance {unknown}
 o - 2 potions of lignification {unknown}
 p - a potion of attraction {unknown}
 x - 2 potions of heal wounds {unknown}


   Skills:
 + Level 0.1 Fighting
 + Level 0.5 Short Blades
 + Level 2.7 Dodging
 + Level 4.8 Stealth
 + Level 0.6 Shields
 * Level 4.5 Spellcasting
 * Level 3.9 Conjurations
 + Level 0.1 Hexes
 * Level 5.5 Fire Magic


You had 5 spell levels left.
You knew the following spells:

 Your Spells              Type           Power      Damage    Failure   Level
a - Foxfire               Conj/Fire      100%       2x1d9     1%          1
b - Flame Wave            Conj/Fire      38%        2d10      16%         4
c - Inner Flame           Hex/Fire       26%        N/A       10%         3
e - Scorch                Fire           88%        2d9       1%          2

Your spell library contained the following spells:

 Spells                   Type           Power      Damage    Failure   Level
 Dazzling Flash           Conj/Hex       40%        N/A       14%         3
 Kindle Blastsparks       Fire/Tloc/Air  38%        2d13      16%         3
 Iskenderun's Mystic Bla  Conj/Tloc      20%        2d6       43%         4
 Starburst                Conj/Fire      19%        6d7       93%         6


Dungeon Overview and Level Annotations

Branches:
Dungeon (5/15)              Sewer (visited)
 Temple: D:4-7

Altars:
Fedhas

Shops:
D:2 =:

Portals:
Abyss: D:5

Annotations:
D:5 2 transporters, P0WERM0DE's ghost, amateur OpDe; Pikel


Innate Abilities, Weirdness & Mutations

You cannot wear most types of armour.
You are amphibious.
You can wear up to eight rings at the same time.
Your skin changes colour to match your surroundings (Stealth+).
Your rubbery body absorbs attacks. (AC +1, EV +1)
((You are camouflaged when in or above water. (Stealth+)))
You have tentacles for arms and can constrict up to eight enemies at once.


Message History

Okay, then.
As you read the scroll of fear, it crumbles to dust.
You assume a fearsome visage.
Pikel looks frightened!
The lemure looks frightened! x3; The ogre looks frightened!
The lemure is engulfed in blazing flames.
Flame seeps out of the lemure.
Casting: Inner Flame (dangerous; 10% risk of failure)
Confirm with . or Enter, or press ? or * to list all spells.
You conjure some foxfire!
Casting: Foxfire (safe; 1% risk of failure)
Confirm with . or Enter, or press ? or * to list all spells.
Flames lash the lemure.
The lemure is lightly wounded.
The lemure's fire resistance burns away.
The foxfire hits the lemure!
The lemure is burned terribly!
The lemure is heavily wounded.
The foxfire hits the lemure.
The lemure is heavily wounded.
It was a potion of brilliance.
You feel clever all of a sudden.
You hit the lemure.
Your weapon exudes an aura of protection.
Your grab misses the lemure.
The lemure is severely wounded.
The lemure barely misses you.
Casting: Scorch (safe; 1% risk of failure)
Confirm with . or Enter, or press ? or * to list all spells.
You feel a surge of power!
You conjure some foxfire!
Pikel's inner flame fades away.
You feel very mighty all of a sudden.
The lemure is no longer more vulnerable to fire.
The foxfire hits the lemure.
The lemure is severely wounded.
The foxfire hits the lemure.
The lemure is almost dead.
The lemure hits you but does no damage.
You puncture the ogre!
The ogre is severely wounded.
The ogre hits you with a +0 giant spiked club!!
You die...

....###.............#..5.###.##.
....# #.############..._.##.....
.....# #. #.#O..##..... ......
.. #.....##.(... ....####
#...≈........ ##...≈.##.....
######K.#.≈.##.....
#§.O....#.≈K##<...#
#§@5....#...##....#
#.......#..5#######
#.......#.#.# #.......#.#.#
#.......#.#5# #######.#.#.#
#.....# ##....# #...##


You could see Pikel, an ogre and a lemure.

Vanquished Creatures
  Pargi (Sewer)
  2 scorpions (D:5)
  A howler monkey (D:5)
  2 hounds
  2 orc priests (D:4)
  Crazy Yiuf (D:5)
  Jessica (D:2)
  Natasha (D:2)
  2 iguanas (D:5)
  2 orc wizards (D:4)
  5 gnolls
  A river rat (D:4)
  6 adders
  A shadow imp (D:5)
  4 worms
  6 dart slugs
  19 orcs
  10 ball pythons
  5 bats
  11 endoplasms
  3 giant cockroaches
  7 hobgoblins
  4 jackals (D:3)
  2 quokkas (D:5)
  4 frilled lizards
  6 goblins
  4 kobolds
  4 rats
117 creatures vanquished.

Vanquished Creatures (others)
  288 foxfires
288 creatures vanquished.

Grand Total: 405 creatures vanquished

Notes
Turn   | Place    | Note
-------+----------+-------------------------------------------
     0 | D:1      | Conn the Octopode Fire Elementalist began the quest for the
                  | Orb.
     0 | D:1      | Reached XP level 1. HP: 11/11 MP: 3/3
   344 | D:1      | Reached XP level 2. HP: 17/17 MP: 0/5
  1052 | D:2      | Reached XP level 3. HP: 21/21 MP: 2/6
  1234 | D:2      | Noticed Jessica
  1238 | D:2      | Killed Jessica
  1239 | D:2      | Reached XP level 4. HP: 27/27 MP: 6/8
  1301 | D:2      | Found Werenot's One-of-a-Kind Rings.
  1332 | D:2      | Bought a +2 ring of intelligence for 39 gold pieces
  1345 | D:2      | Learned a level 2 spell: Scorch
  1357 | D:2      | Learned a level 3 spell: Inner Flame
  1612 | D:2      | Reached skill level 4 in Fire Magic
  1679 | D:2      | Noticed Natasha
  1685 | D:2      | Killed Natasha
  1688 | D:2      | Found Duad's Book Shop.
  1826 | D:3      | Reached XP level 5. HP: 22/31 MP: 2/9
  2725 | D:4      | Reached XP level 6. HP: 19/36 MP: 10/10
  2850 | D:4      | Learned a level 4 spell: Flame Wave
  3057 | D:4      | Found a glowing drain.
  3066 | Sewer    | Entered a sewer
  3210 | Sewer    | Noticed Pargi
  3216 | Sewer    | Killed Pargi
  3217 | Sewer    | Reached XP level 7. HP: 41/41 MP: 5/12
  3317 | Sewer    | Reached skill level 5 in Fire Magic
  3560 | D:5      | Entered Level 5 of the Dungeon
  3682 | D:5      | Found a blossoming altar of Fedhas.
  3810 | D:5      | Found a runed translucent door.
  3811 | D:5      | Noticed Crazy Yiuf
  3819 | D:5      | Killed Crazy Yiuf
  4028 | D:5      | Found a transporter.
  4070 | D:5      | Found a transporter.
  4103 | D:5      | Found a one-way gate to the infinite horrors of the Abyss.
  4103 | D:5      | Noticed P0WERM0DE's ghost (amateur OpDe)
  4225 | D:5      | Noticed Pikel
  4270 | D:5      | Slain by an ogre

Illustrated notes

Levels and vault maps discovered:
D:1:      elethiomel_arrival_infinity_welcomes_careful_drivers, layout_rooms
D:2:      layout_basic, serial_shops, nicolae_shop_crystal,
          nicolae_shop_unique_rings, uniq_natasha, uniq_jessica
D:3:      layout_basic, roderic_serpentine_path
D:4:      layout_rooms, cheibrodos_sewer_entry_sluice
D:5:      layout_rooms, mainiacjoe_overflow_boulevard,
          gammafunk_ghost_abyssal_escape, uniq_crazy_yiuf_cottage, uniq_pikel

Skill      XL: |  1  2  3  4  5  6  7 |
---------------+----------------------+-----
Stealth        | 3 4 |  4.8
Fire Magic     | 4 5 |  5.5
Conjurations   | 2 3 |  3.9
Spellcasting   | 3 4 |  4.5
Fighting       | |  0.1
Short Blades   | |  0.5
Dodging        | |  2.7
Shields        | |  0.6
Hexes          | |  0.1

Action                     |  1- 3 |  4- 6 |  7- 9 || total
---------------------------+-------+-------+-------++-------
  Melee: Unarmed           |     1 |       |       ||     1
         Dagger            |     3 |    55 |       ||    58
         Constrict         |     1 |    15 |     4 ||    20
         Tentacles         |       |    11 |     4 ||    15
         Punch             |       |     1 |     1 ||     2
         Short sword       |       |     1 |    17 ||    18
  Throw: Throwing net      |       |     1 |       ||     1
   Cast: Foxfire           |    40 |    74 |    53 ||   167
         Scorch            |       |    13 |     6 ||    19
         Inner Flame       |       |     3 |     2 ||     5
         Flame Wave        |       |       |     3 ||     3
    Use: Potion            |       |     3 |     3 ||     6
         Scroll            |       |       |     7 ||     7
   Stab: Sleeping          |     1 |    10 |     2 ||    13
 Armour: Skin              |     3 |     3 |     5 ||    11
  Dodge: Dodged            |     4 |    38 |    11 ||    53
  Block: Other             |     1 |    15 |     3 ||    19
         Reflection        |       |     1 |       ||     1

Table legend: (Time is in decaauts)
 A = Elapsed time spent in this place.
 B = Non-inter-level travel time spent in this place.
 C = Inter-level travel time spent in this place.
 D = Time resting spent in this place.
 E = Time spent auto-exploring this place.
 F = Levels seen in this place.
 G = Mean time per level.
                   A        B        C        D        E       F      G
               +--------+--------+--------+--------+--------+-----+--------+
         Total |   4255 |   4165 |     90 |     62 |   2932 |   6 |  709.2 |
       Dungeon |   3960 |   3870 |     90 |      0 |   2782 |   5 |  792.0 |
         Sewer |    295 |    295 |      0 |     62 |    150 |   1 |  295.0 |
               +--------+--------+--------+--------+--------+-----+--------+

Top non-repeatable levels by time:
     D:2: 966 daAuts
     D:3: 879 daAuts
     D:1: 812 daAuts
     D:5: 699 daAuts
     D:4: 602 daAuts
   Sewer: 295 daAuts
